 Dungeon Crawl Stone Soup version 0.13.1-17-g0f9d4ff (webtiles) character file.

3582 Kae the Arsonist (level 9, -5/45 HPs)
             Began as a Deep Elf Fire Elementalist on Dec 18, 2013.
             Was an Initiate of Vehumet.
             Slain by an orc warrior
             ... wielding a +0,+1 orcish hand axe
              (18 damage)
             ... on Level 8 of the Dungeon.
             The game lasted 00:24:22 (8038 turns).

Kae the Arsonist (Deep Elf Fire Elementalist)       Turns: 8038, Time: 00:24:23

HP  -5/45        AC  2     Str  7      XL: 9   Next: 68%
MP   9/27        EV 13     Int 22      God: Vehumet [......]
Gold 306         SH  0     Dex 15      Spells:  4 memorised, 14 levels left

Res.Fire  : + . .   See Invis. : +   z - +3 long sword
Res.Cold  : x . .   Warding    : .   a - +0 elf robe
Life Prot.: . . .   Conserve   : .   (no shield)
Res.Poison: .       Res.Corr.  : .   (no helmet)
Res.Elec. : .       Clarity    : .   (no cloak)
Sust.Abil.: . .     Spirit.Shd : .   (no gloves)
Res.Mut.  : .       Stasis     : .   (no boots)
Res.Rott. : .       Flight     : .   (no amulet)
Saprovore : . . .                    J - ring of fire
                                     L - ring of see invisible

@: somewhat resistant to hostile enchantments, fairly stealthy
A: no striking features
a: Renounce Religion


You were on level 8 of the Dungeon.
You worshipped Vehumet.
Vehumet was noncommittal.
You were not hungry.

You visited 2 branches of the dungeon, and saw 9 of its levels.

You collected 286 gold pieces.

Inventory:

Hand weapons
 z - a +3,+3 long sword (weapon)
Missiles
 d - 7 poisoned javelins (quivered)
 e - 52 darts
Armour
 a - a +0 elven robe (worn)
 p - a +0 buckler
Magical devices
 o - a wand of teleportation (5)
 H - a wand of enslavement (12)
Comestibles
 c - 5 bread rations
 n - a choko
 q - an apricot
 v - a honeycomb
 w - 3 meat rations
 C - an apple
 G - a sausage
Scrolls
 f - a scroll of immolation
 g - 6 scrolls of remove curse
 k - a scroll of teleportation
 l - 5 scrolls of enchant weapon I
 s - a scroll of identify
 u - 2 scrolls of fog
 x - 3 scrolls of recharging
 E - a scroll of amnesia
Jewellery
 h - an uncursed ring of positive energy
 J - a ring of fire (right hand)
 L - a ring of see invisible (left hand)
Potions
 i - a potion of invisibility
 j - 3 potions of curing
 m - 2 potions of porridge {unknown}
 r - a potion of agility
 A - a potion of heal wounds
 F - 2 potions of brilliance {unknown}
 I - a potion of poison {unknown}
 M - a potion of cure mutation {unknown}
 N - a potion of magic {unknown}
 O - 3 potions of speed
 P - a potion of degeneration {unknown}
Books
 b - a book of Flames

   Spells                             Type                      Level
   *Flame Tongue                      Conjuration/Fire             1
   *Throw Flame                       Conjuration/Fire             2
   *Conjure Flame                     Conjuration/Fire             3
   Inner Flame                        Hexes/Fire                   3
   *Sticky Flame                      Conjuration/Fire             4
   Fireball                           Conjuration/Fire             5


   Skills:
 - Level 2.4 Dodging
 - Level 2.4 Stealth
 + Level 8.0 Spellcasting
 * Level 9.6 Conjurations
 * Level 10.1 Fire Magic


You had 14 spell levels left.
You knew the following spells:

 Your Spells              Type           Power        Failure   Level  Hunger
a - Flame Tongue          Conj/Fire      #####        1%          1    None
b - Throw Flame           Conj/Fire      ######       1%          2    None
c - Conjure Flame         Conj/Fire      ######..     1%          3    None
d - Sticky Flame          Conj/Fire      ######..     1%          4    ###....


Dungeon Overview and Level Annotations

Branches:
Dungeon (8/27)             Temple (1/1) D:7
    Orc: D:6-11        Lair: D:8-13

Altars:
Cheibriados
Elyvilon
Fedhas
Kikubaaqudgha
Makhleb
Nemelex Xobeh
Okawaru
Sif Muna
Trog
Vehumet
Xom
Yredelemnul
Zin
the Shining One

Annotations:
D:2 Sigmund
D:5 exclusion: 2 centaurs


Message History

Aiming: Flame Tongue
Press: ? - help, Shift-Dir - straight line, f/p - orc warrior
Aim: an orc warrior, wielding an orcish hand axe and wearing an orcish plate armour (severely wounded, covered in liquid flames)
You feel a surge of power!
The flame hits the orc warrior.
The orc warrior appears unharmed.
The orc warrior is severely wounded.
The orc warrior burns!
The orc warrior hits you with an orcish hand axe!
* * * LOW HITPOINT WARNING * * *
Casting: Flame Tongue
Confirm with . or Enter, or press ? or * to list all spells.
Aiming: Flame Tongue
Press: ? - help, Shift-Dir - straight line, f/p - orc warrior
Aim: an orc warrior, wielding an orcish hand axe and wearing an orcish plate armour (almost dead, covered in liquid flames)
You feel a surge of power!
The flame hits the orc warrior.
The orc warrior appears unharmed.
The orc warrior is almost dead.
The orc warrior burns!
The orc warrior hits you with an orcish hand axe!
You die...

#......#
+......#
#......#
#......#
#......#
#.)....#
#......#
#.<..>.#
#@######
#.....o........
#.............
#.............
#?............
........#####
#......#
......# ...


You could see an orc warrior (burning).

Vanquished Creatures
  5 yaks (D:6)
  A hungry ghost (D:8)
  A hippogriff (D:8)
  2 orc warriors
  A black bear (D:7)
  2 sky beasts
  4 ogres
  A phantom (D:7)
  2 centaurs
  The ghost of Wutend the Poker, an average MfSk (D:3)
  A giant frog (D:6)
  A gnoll sergeant (D:5)
  A jelly (D:7)
  A goliath beetle (D:7)
  A black bear zombie (D:7)
  2 orc wizards
  6 hounds
  2 scorpions
  A giant frog skeleton (D:6)
  An orc priest (D:6)
  A black bear skeleton (D:5)
  3 iguanas
  5 worker ants
  A big kobold zombie (D:7)
  An ogre skeleton (D:4)
  A worker ant zombie (D:5)
  4 gnolls (D:4)
  7 adders
  3 worms
  A giant mite (D:5)
  An inept feature mimic (D:5)
  An adder skeleton (D:5)
  2 giant eyeballs (D:4)
  6 giant geckos
  An ooze (D:2)
  15 orcs
  9 giant cockroaches
  2 gnoll zombies
  10 goblins
  13 hobgoblins
  10 jackals
  10 kobolds
  7 quokkas
  A ball python (D:2)
  11 bats
  8 giant newts
  A hobgoblin skeleton (D:6)
  A hobgoblin zombie (D:5)
  A kobold skeleton (D:5)
  A kobold zombie (D:6)
  An orc skeleton (D:8)
  11 rats
187 creatures vanquished.

Vanquished Creatures (others)
  A kobold (D:6)
1 creature vanquished.

Grand Total: 188 creatures vanquished

Notes
Turn   | Place    | Note
--------------------------------------------------------------
     0 | D:1      | Kae, the Deep Elf Fire Elementalist, began the quest for the Orb.
     0 | D:1      | Reached XP level 1. HP: 10/10 MP: 4/4
   127 | D:1      | Reached XP level 2. HP: 10/15 MP: 3/7
   535 | D:1      | Reached skill level 4 in Fire Magic
   886 | D:2      | Reached XP level 3. HP: 19/19 MP: 6/9
  1196 | D:2      | Noticed Sigmund
  1455 | D:2      | Reached XP level 4. HP: 22/24 MP: 8/12
  2291 | D:3      | Noticed Wutend's ghost (average MfSk)
  2311 | D:3      | Killed Wutend's ghost
  2311 | D:3      | Reached skill level 5 in Fire Magic
  2311 | D:3      | Reached XP level 5. HP: 4/28 MP: 6/16
  2311 | D:3      | HP: 1/28 [kobold (3)]
  2521 | D:3      | Learned a level 2 spell: Throw Flame
  2525 | D:3      | Learned a level 3 spell: Conjure Flame
  2530 | D:3      | Learned a level 4 spell: Sticky Flame
  3299 | D:4      | Found a sparkling altar of Nemelex Xobeh.
  3350 | D:4      | Paralysed by a giant eyeball for 4 turns
  3537 | D:4      | Noticed an ogre
  3547 | D:4      | Killed an ogre
  3547 | D:4      | Reached XP level 6. HP: 32/32 MP: 6/19
  3840 | D:5      | Entered Level 5 of the Dungeon
  3897 | D:5      | Reached skill level 6 in Fire Magic
  4008 | D:5      | Reached XP level 7. HP: 23/36 MP: 11/21
  4024 | D:5      | Reached skill level 5 in Conjurations
  4182 | D:5      | Reached skill level 5 in Spellcasting
  4500 | D:5      | Reached skill level 7 in Fire Magic
  5016 | D:5      | Reached XP level 8. HP: 20/41 MP: 22/24
  5691 | D:6      | Reached skill level 8 in Fire Magic
  5939 | D:6      | Found a glowing golden altar of the Shining One.
  6171 | D:6      | Reached XP level 9. HP: 45/45 MP: 20/26
  6176 | D:6      | Reached skill level 9 in Fire Magic
  7149 | D:7      | Found a staircase to the Ecumenical Temple.
  7172 | Temple   | Entered the Ecumenical Temple
  7259 | Temple   | Became a worshipper of Vehumet
  7394 | D:7      | HP: 2/45 [orc warrior/orcish glaive (8)]
  7721 | D:7      | Found a basalt altar of Yredelemnul.
  7790 | D:7      | Found a burning altar of Makhleb.
  7811 | D:7      | Found a shimmering altar of Xom.
  7962 | D:8      | Reached skill level 10 in Fire Magic
  8038 | D:8      | Slain by an orc warrior

Action                   |  1- 3 |  4- 6 |  7- 9 || total
-------------------------+-------+-------+-------++-------
Melee: Unarmed           |    29 |     1 |       ||    30
       Long sword        |       |     2 |    33 ||    35
Throw: Javelin           |     4 |       |       ||     4
 Cast: Flame Tongue      |    67 |   132 |   246 ||   445
       Conjure Flame     |       |     2 |     8 ||    10
       Throw Flame       |       |     7 |    33 ||    40
       Sticky Flame      |       |       |     9 ||     9
Evoke: Wand              |       |       |     4 ||     4
  Use: Scroll            |       |       |    23 ||    23
 Stab: Sleeping          |     2 |       |       ||     2
